 Dungeon Crawl Stone Soup version 0.21-a0-95-g06f091e (webtiles) character file.

117 MatthieuS the Shooter (level 4, 0/36 HPs)
             Began as a Centaur Arcane Marksman on July 4, 2017.
             Killed from afar by Natasha (11 damage)
             ... with a magic dart
             ... on level 3 of the Dungeon.
             The game lasted 00:09:16 (2795 turns).

MatthieuS the Shooter (Centaur Arcane Marksman)     Turns: 2795, Time: 00:09:16

Health: 0/36       AC:  7    Str: 13    XL:     4   Next: 71%
Magic:  4/5        EV: 10    Int: 12    God:
Gold:   107        SH:  0    Dex: 10    Spells: 4/5 levels left

rFire    . . .     SeeInvis .   w - +0 shortbow
rCold    . . .     Gourm    .   (shield currently unavailable)
rNeg     . . .     Faith    .   e - +0 robe
rPois    .         Spirit   .   q - +0 helmet
rElec    .         Reflect  .   l - +0 cloak
rCorr    .         Harm     .   k - +0 pair of gloves
MR       .....                  (no barding)
Stlth    +.........             (no amulet)
HPRegen  0.12/turn              (no ring)
MPRegen  0.09/turn              (no ring)

@: slowed
A: hooves 3, deformed body, speed 2, tough skin 3
a: no special abilities


You were on level 3 of the Dungeon.
You were not hungry.

You visited 1 branch of the dungeon, and saw 3 of its levels.

You collected 107 gold pieces.

Inventory:

Hand Weapons
 a - a +0 dagger
 i - a +0 trident
 w - a +0 shortbow (weapon)
Missiles
 d - 7 arrows (quivered)
 r - 38 poisoned needles
Armour
 e - a +0 robe (worn)
 k - a +0 pair of gloves (worn)
 l - a +0 cloak (worn)
 n - a +2 large shield
 q - a +0 helmet (worn)
Scrolls
 b - 8 scrolls of identify {unknown}
 g - 3 scrolls of remove curse {unknown}
 h - a scroll of enchant weapon {unknown}
 j - a scroll of fear {unknown}
 v - a scroll of noise {unknown}
Potions
 o - a potion of agility {unknown}
 p - 2 potions of heal wounds {unknown}
 s - a potion of brilliance {unknown}
 u - a potion of invisibility {unknown}
 x - 2 potions of lignification {unknown}
Books
 c - a book of Debilitation

   Spells                             Type                      Level
   a - Corona                         Hexes                        1
   b - Slow                           Hexes                        2
   c - Inner Flame                    Hexes/Fire                   3
   d - Portal Projectile              Hexes/Translocation          3
   e - Cause Fear                     Hexes                        4
   f - Leda's Liquefaction            Hexes/Earth                  4
 t - a book of Minor Magic

   Spells                             Type                      Level
   a - Magic Dart                     Conjuration                  1
   b - Blink                          Translocation                2
   c - Call Imp                       Summoning                    2
   d - Slow                           Hexes                        2
   e - Conjure Flame                  Conjuration/Fire             3
   f - Mephitic Cloud                 Conjuration/Poison/Air       3
Comestibles
 f - 2 bread rations
 m - 2 royal jellies
 z - 3 chunks of flesh


   Skills:
 + Level 2.0 Fighting
 * Level 5.2 Bows
 + Level 2.2 Dodging
 - Level 1.0 Spellcasting
 - Level 2.6 Hexes


You had 4 spell levels left.
You knew the following spells:

 Your Spells              Type           Power        Failure   Level  Hunger
a - Corona                Hex            #......      10%         1    ##.....


Dungeon Overview and Level Annotations

Branches:
Dungeon (3/15)

Altars:
Uskayaw

Annotations:
D:3 Natasha


Innate Abilities, Weirdness & Mutations

You have hooves in place of feet.
Armour fits poorly on your strangely shaped body.
You cover ground very quickly.
You have extremely tough skin. (AC +3)


Message History

Aim: Natasha (lightly wounded)
You shoot an arrow. The arrow hits Natasha.
Natasha is moderately wounded.
Firing (i - inventory):
d - 9 arrows (quivered)
Press: ? - help, Shift-Dir - straight line, f/p - Natasha
Aim: Natasha (moderately wounded)
You shoot an arrow. The arrow closely misses Natasha.
The arrow hits the shadow imp.
The shadow imp is lightly wounded.
Natasha stares at you and mumbles some strange words.
The magic dart hits you!
Firing (i - inventory):
d - 8 arrows (quivered)
Press: ? - help, Shift-Dir - straight line, f/p - Natasha
Aim: Natasha (moderately wounded)
You shoot an arrow. The arrow hits Natasha.
Natasha is moderately wounded.
Natasha mewls in sadness.
Natasha casts a spell at you. The magic dart hits you!
You die...

#<####.# #....... #.#
#.# ##.###.# #.#
#.#####...... #.#
##.......###.#
#.###...####.# #.#
#####.##.....###)# #.#
#.....#.........)###.#
#.######.....###.....#
#....@..h(5.(........#
#..#####.#.#.###...5..
#..# #.###.# #.###..
#..# #.# #.# #.# ##.
#..# #.# #.# #.# #.
#..# #.# #.# #.####.
#..# #.# #.# #....#.
#..# #.###.###.##.#.
#..# #......).......


You could see Natasha and a shadow imp.

Vanquished Creatures
  3 adders
  3 worms
  2 dart slugs
  A leopard gecko (D:2)
  4 orcs (D:3)
  5 giant cockroaches
  8 goblins
  5 hobgoblins
  3 jackals (D:3)
  4 quokkas
  A ball python (D:3)
  9 bats
  5 frilled lizards
  9 kobolds
  10 rats
72 creatures vanquished.

Notes
Turn   | Place    | Note
-------+----------+-------------------------------------------
     0 | D:1      | MatthieuS the Centaur Arcane Marksman began the quest for the Orb.
     0 | D:1      | Reached XP level 1. HP: 16/16 MP: 2/2
   166 | D:1      | Reached skill level 3 in Bows
   333 | D:1      | Reached XP level 2. HP: 23/23 MP: 3/3
   833 | D:1      | Reached XP level 3. HP: 28/28 MP: 4/4
  1168 | D:1      | Reached skill level 4 in Bows
  1638 | D:2      | Reached XP level 4. HP: 20/36 MP: 3/5
  1946 | D:2      | Found a hide-covered altar of Uskayaw.
  2484 | D:3      | Reached skill level 5 in Bows
  2757 | D:3      | Noticed Natasha
  2795 | D:3      | Killed from afar by Natasha

Vault maps used:
D:1:      nicolae_arrival_washed_ashore
D:2:      lemuel_round_altar
D:3:      uniq_robin, uniq_natasha, uniq_ijyb, uniq_terence

Skill      XL: |  1  2  3  4 |
---------------+-------------+-----
Bows           | 3 4 5 |  5.2
Dodging        | 2 |  2.2
Fighting       | 2 |  2.0
Spellcasting   | |  1.0
Hexes          | |  2.6

Action                   |  1- 3 |  4- 6 || total
-------------------------+-------+-------++-------
Melee: Short sword       |    39 |       ||    39
       Kick              |    22 |    18 ||    40
       Dagger            |    88 |   114 ||   202
 Fire: Shortbow          |    56 |    20 ||    76
 Cast: Corona            |     2 |    28 ||    30
  Use: Potion            |     1 |       ||     1
  Eat: Chunk             |     2 |     4 ||     6
Armor: Robe              |    57 |    52 ||   109
Dodge: Dodged            |    48 |    75 ||   123
Block: Large shield      |    69 |       ||    69
